 Dungeon Crawl Stone Soup version 0.20.1-1-g8b1a95d (webtiles) character file.

188 Relic the Conjurer (level 6, 0/43 HPs)
             Began as a Human Conjurer on Nov 21, 2017.
             Slain by an elf skeleton (7 damage)
             ... on level 4 of the Dungeon on Nov 22, 2017.
             The game lasted 00:45:34 (1660 turns).

Relic the Conjurer (Human Conjurer)                 Turns: 1660, Time: 00:45:34

Health: 0/43       AC:  3    Str:  9    XL:     6   Next: 0%
Magic:  1/10       EV: 13    Int: 16    God:
Gold:   96         SH:  0    Dex: 14    Spells: 5/11 levels left

rFire    . . .     SeeInvis .   d - +0 club
rCold    . . .     Gourm    .   (no shield)
rNeg     . . .     Faith    .   a - +0 robe
rPois    .         Spirit   .   (no helmet)
rElec    .         Reflect  .   e - +0 cloak
rCorr    .         Harm     .   (no gloves)
MR       .....                  (no boots)
Stlth    ++........             (no amulet)
Regen    0.2/turn               (no ring)
MPRegen  0.2/turn               (no ring)

@: no status effects
A: no striking features
a: no special abilities


You were on level 4 of the Dungeon.
You were not hungry.

You visited 1 branch of the dungeon, and saw 3 of its levels.

You collected 96 gold pieces.

Inventory:

Hand Weapons
 d - a +0 club (weapon)
 m - a +0 dagger
 q - a +0 short sword
Missiles
 g - 38 sling bullets
 h - 18 bolts
 r - 4 stones (quivered)
Armour
 a - a +0 robe (worn)
 e - a +0 cloak (worn)
 l - a cursed +0 robe
Jewellery
 j - an uncursed amulet of faith
 p - a cursed amulet of inaccuracy {unknown}
Potions
 f - a potion of flight
Books
 b - a book of Conjurations

   Spells                             Type                      Level
   a - Magic Dart                     Conjuration                  1
   b - Searing Ray                    Conjuration                  2
   c - Dazzling Spray                 Conjuration/Hexes            3
   d - Fulminant Prism                Conjuration/Hexes            4
   e - Force Lance                    Conjuration/Translocation    4
   f - Iskenderun's Mystic Blast      Conjuration                  4
Comestibles
 c - 5 bread rations
 i - a meat ration
 u - a royal jelly


   Skills:
 + Level 1.3 Fighting
 + Level 1.2 Maces & Flails
 + Level 2.6 Dodging
 + Level 2.3 Stealth
 + Level 3.0 Spellcasting
 + Level 5.3 Conjurations


You had 5 spell levels left.
You knew the following spells:

 Your Spells              Type           Power        Failure   Level  Hunger
a - Magic Dart            Conj           ###.         1%          1    #......
b - Searing Ray           Conj           ###...       3%          2    ##.....
c - Dazzling Spray        Conj/Hex       ##....       19%         3    ###....


Dungeon Overview and Level Annotations

Branches:
Dungeon (4/15)
 Temple: D:4-7

Altars:


Message History

You hit the elf skeleton.
The elf skeleton is heavily damaged.
The elf skeleton barely misses you.
You barely miss the elf skeleton.
The elf skeleton is heavily damaged.
The elf skeleton hits you.
* * * LOW HITPOINT WARNING * * *
There is an open door here.
Casting: Searing Ray
Confirm with . or Enter, or press ? or * to list all spells.
Aiming: Searing Ray
Press: ? - help, Shift-Dir - straight line, f/p - elf skeleton
Aim: an elf skeleton (heavily damaged)
The searing ray hits the elf skeleton.
The elf skeleton is severely damaged. (Press . to maintain the ray.)
The elf skeleton hits you.
* * * LOW HITPOINT WARNING * * *
The elf skeleton hits you!
You die...

#.......##...######..# ##.##
#.......##...######..### ####
#...##..................#....#
#...##..................#....#
#.......................#....#
#.......................# ...#
#.......##..###.###..# #.## ..
#.......##..###.###..######.##
...#...........Z@..#........'...#
...#'####.......#..'........#...#
........#..##..###.###..##..###..
........#..##..###.###..##..#####
###.....'..#.....#......#......#
..#.....#.Z#.....#......#......#
..#.....#..#.....#......#......#
..#.....#..#.....#......#......#
P..Pā‰ˆā‰ˆā‰ˆ.#..'.....#......#......#


You could see an elf skeleton.

Vanquished Creatures
  An elf skeleton (D:4)
  A scorpion (D:4)
  2 human skeletons (D:4)
  A dart slug (D:1)
  2 leopard geckos (D:1)
  An orc (D:4)
  4 bats
  4 goblins
  2 hobgoblins (D:1)
  A quokka (D:4)
  9 frilled lizards (D:1)
  4 kobolds
  3 rats
  2 plants (D:1)
37 creatures vanquished.

Notes
Turn   | Place    | Note
-------+----------+-------------------------------------------
     0 | D:1      | Relic the Human Conjurer began the quest for the Orb.
     0 | D:1      | Reached XP level 1. HP: 13/13 MP: 3/3
   277 | D:1      | Reached XP level 2. HP: 13/19 MP: 0/5
   521 | D:1      | Reached XP level 3. HP: 22/25 MP: 3/6
   540 | D:1      | Learned a level 2 spell: Searing Ray
   544 | D:1      | Learned a level 3 spell: Dazzling Spray
  1090 | D:2      | You fall through a shaft for 2 floors!
  1251 | D:4      | Noticed a scorpion
  1261 | D:4      | Killed a scorpion
  1261 | D:4      | Reached skill level 5 in Conjurations
  1261 | D:4      | Reached XP level 4. HP: 20/31 MP: 0/7
  1337 | D:4      | Reached skill level 1 in Fighting
  1337 | D:4      | Reached XP level 5. HP: 3/37 MP: 0/8
  1457 | D:4      | Reached skill level 1 in Maces & Flails
  1536 | D:4      | HP: 1/37 [human skeleton (4)]
  1591 | D:4      | Reached XP level 6. HP: 8/43 MP: 2/10
  1660 | D:4      | Slain by an elf skeleton

Skill      XL: |  1  2  3  4  5 |
---------------+----------------+-----
Conjurations   | 5 |  5.3
Fighting       | 1 |  1.3
Maces & Flails | 1 |  1.2
Spellcasting   | 3 |  3.0
Dodging        | |  2.6
Stealth        | |  2.3

Action                   |  1- 3 |  4- 6 || total
-------------------------+-------+-------++-------
Melee: Unarmed           |     1 |       ||     1
       Club              |    61 |    28 ||    89
Throw: Stone             |     1 |       ||     1
 Cast: Magic Dart        |    36 |     7 ||    43
       Searing Ray       |     6 |    10 ||    16
  Use: Potion            |     4 |       ||     4
       Scroll            |     1 |     4 ||     5
  Eat: Bread ration      |     1 |       ||     1
       Fruit             |       |     1 ||     1
Armor: Robe              |    23 |     6 ||    29
Dodge: Dodged            |    68 |    23 ||    91
